 Dungeon Crawl Stone Soup version 0.30.1-11-g7821555f0a (webtiles) character file.

Game seed: 601074028848261703

215 Peloso the Covered (level 5, -1/47 HPs)
             Began as a Minotaur Fighter on Dec 11, 2023.
             Slain by an orc priest
             ... wielding a +0 flail
              (6 damage)
             ... on level 3 of the Dungeon.
             The game lasted 00:05:09 (2109 turns).

Peloso the Covered (Minotaur Fighter)               Turns: 2109, Time: 00:05:09

Health: -1/47      AC:  8    Str: 21    XL:     5   Next: 60%
Magic:  4/4        EV:  9    Int:  5    God:
Gold:   1174       SH:  5    Dex: 11    Spells: 4/4 levels left

rFire   . . .        a - +0 long sword
rCold   . . .        c - +0 buckler
rNeg    + . .        b - +1 scale mail
rPois   .            (helmet restricted)
rElec   .            (no cloak)
rCorr   .            (no gloves)
SInv    .            (no boots)
Will    .....        (no amulet) Stlth
                     o - ring of positive energy
HPRegen 0.27/turn    (no ring)
MPRegen 0.09/turn

%: no passive effects
@: no status effects
A: horns 2, retaliatory headbutt
a: no special abilities


You were on level 3 of the Dungeon.
You visited 1 branch of the dungeon, and saw 3 of its levels.
You also visited: Sewer.

You collected 1174 gold pieces.

Inventory:

Hand Weapons
 a - a +0 long sword (weapon)
Missiles
 l - a throwing net (quivered)
Armour
 b - a +1 scale mail (worn)
 c - a +0 buckler (worn)
Jewellery
 o - a ring of positive energy (left hand)
Scrolls
 f - a scroll of immolation
 g - 4 scrolls of enchant armour
 h - 2 scrolls of vulnerability {unknown}
 j - 3 scrolls of teleportation
 k - a scroll of amnesia {unknown}
 m - a scroll of enchant weapon {unknown}
 q - a scroll of magic mapping {unknown}
Potions
 d - a potion of might
 i - a potion of magic
 n - 2 potions of heal wounds
 p - a potion of resistance
 s - a potion of brilliance
 t - 2 potions of mutation {unknown}


   Skills:
 + Level 4.5 Fighting
 + Level 4.7 Long Blades
 + Level 5.0 Armour
 + Level 1.1 Dodging
 + Level 4.4 Shields


You had 4 spell levels left.
You didn't know any spells.
Your spell library contained the following spells:

 Spells                   Type           Power      Damage    Failure   Level
 Cause Fear               Hex            0%         N/A       100%        4
 Dragon Form              Tmut           0%         N/A       100%        7
 Dragon's Call            Summ           0%         N/A       100%        9


Dungeon Overview and Level Annotations

Branches:
Dungeon (3/15)              Sewer (visited)

Altars:

Shops:
D:1 =

Annotations:
D:2 Dig, 1 runed translucent door, Crazy Yiuf


Innate Abilities, Weirdness & Mutations

You have a pair of horns on your head.
You reflexively headbutt those who attack you in melee.


Message History

You see here a rat corpse.
Found a lumpy pink potion.
t - 2 lumpy pink potions (gained 1)
A goblin and a ball python come into view.
The goblin shouts!
The ball python hisses angrily.
An orc priest comes into view. It is wielding a +0 flail.
There are monsters nearby!
There are monsters nearby!
You hit the goblin but do no damage. Your headbutt misses the goblin.
The goblin hits you but does no damage.
You slash the goblin!
You kill the goblin!
You hit the ball python.
You kill the ball python!
The orc priest invokes the aid of Beogh against you.
Beogh smites you!
Things that are here:
a +0 club; a goblin corpse You block the orc priest's attack.
Things that are here:
a +0 club; a goblin corpse You hit the orc priest but do no damage.
Your headbutt misses the orc priest.
The orc priest hits you but does no damage.
You barely miss the orc priest. You headbutt the orc priest.
The orc priest is moderately wounded.
The orc priest calls down the wrath of Beogh upon you.
Beogh smites you!
You closely miss the orc priest.
The orc priest is moderately wounded.
The orc priest completely misses you.
You hit the orc priest.
The orc priest is severely wounded.
The orc priest mumbles some strange prayers to Beogh against you.
Beogh smites you!
* * * LOW HITPOINT WARNING * * *
You hit the orc priest.
The orc priest is severely wounded.
The orc priest hits you with a +0 flail.
You die...

#. #. .. #. #.# #.
#.# ###. #.# ...##.#
######..#.# # ###
........#.#####.# #..
#...###@#.......#..
#.#
......#o#.........#
#.# #.........###.#
#.# ###$##.##.# #.#
#.# #.##.##.# #.# #.#
#.##.##.# #.# #.#
#.##.##.###.# #.#
#.#...†.....# #.#
...(...........####.#


You could see an orc priest.

Vanquished Creatures
  Natasha (twice) (D:2)
  Robin (D:2)
  6 adders
  A river rat (Sewer)
  3 worms (D:2)
  A dart slug (D:1)
  16 ball pythons
  6 endoplasms
  3 giant cockroaches (D:2)
  11 goblins
  8 hobgoblins
  3 kobolds
  7 bats
  10 frilled lizards
  13 rats
91 creatures vanquished.

Notes
Turn   | Place    | Note
-------+----------+-------------------------------------------
     0 | D:1      | Peloso the Minotaur Fighter began the quest for the Orb.
     0 | D:1      | Reached XP level 1. HP: 19/19 MP: 0/0
    15 | D:1      | Found Pijuxor's Jewellery Shop.
   219 | D:1      | Reached XP level 2. HP: 27/27 MP: 1/1
   236 | D:1      | Reached skill level 4 in Armour
   697 | D:2      | Noticed Natasha
   704 | D:2      | Killed Natasha
   705 | D:2      | Reached XP level 3. HP: 27/33 MP: 2/2
   823 | D:2      | Reached XP level 4. HP: 40/40 MP: 3/3
  1008 | D:2      | Noticed Robin
  1039 | D:2      | Killed Robin
  1193 | D:2      | Found a faded altar of an unknown god.
  1211 | D:2      | Noticed Natasha
  1220 | D:2      | Killed Natasha
  1221 | D:2      | Reached XP level 5. HP: 32/47 MP: 4/4
  1335 | D:2      | Found a runed translucent door.
  1336 | D:2      | Noticed Crazy Yiuf
  1444 | D:3      | Found a glowing drain.
  1485 | Sewer    | Entered a sewer
  1678 | Sewer    | Reached skill level 5 in Armour
  1678 | Sewer    | Reached skill level 1 in Dodging
  1910 | Sewer    | Identified a scroll of acquirement
  1910 | Sewer    | Acquired 1069 gold pieces
  2109 | D:3      | Slain by an orc priest

Illustrated notes

Levels and vault maps discovered:
D:1:      minmay_arrival_doors, layout_rooms, serial_shops, shop
D:2:      layout_rooms, serial_glass, glass_columns_b, glass_columns_b,
          item_on_display_a, due_unseen_surprise,
          chequers_ecumenical_altar_grove, uniq_robin, uniq_natasha,
          uniq_crazy_yiuf_cottage
D:3:      layout_loops_ring, overflow_temple_1_default,
          cheibrodos_sewer_entry_sluice, st_stairs_6, minmay_misc_feat_iff,
          roderic_lattice_a, nicolae_grassy_gnolls

Skill      XL: |  1  2  3  4  5 |
---------------+----------------+-----
Shields        | 4 |  4.4
Armour         | 4 5 |  5.0
Fighting       | 4 |  4.5
Long Blades    | 3 4 |  4.7
Dodging        | 1 |  1.1

Action                     |  1- 3 |  4- 6 || total
---------------------------+-------+-------++-------
  Melee: Long sword        |    76 |   127 ||   203
         Headbutt          |    10 |    16 ||    26
    Use: Potion            |     4 |       ||     4
         Scroll            |       |     8 ||     8
 Armour: Scale mail        |    68 |    79 ||   147
  Dodge: Dodged            |    56 |    76 ||   132
  Block: Buckler           |    25 |    29 ||    54
